2380 views
Uploaded 2024-06-04 18:04:30
Game version 1.36 (6115)
22:17 long 4on4 ladder game on (8)Sanctuary_LV_S2
Saved by YIKIII
2380 views
Uploaded 2024-06-04 18:04:30
Game version 1.36 (6115)
22:17 long 4on4 ladder game on (8)Sanctuary_LV_S2


205 units @ 27.5k
/ 4.1k
117 buildings @ 17.5k
/ 8.3k


| Rod of Necromancy | 1 | 150 |
| Potion of Healing | 2 | 300 |
| Potion of Mana | 4 | 800 |
| Orb of Corruption | 1 | 375 |
| Scroll of Town Portal | 6 | 2100 |
| total: | 14 | 3725g |
| Acolyte | 11 | 825 | / | 0 |
| Ghoul | 3 | 360 | / | 0 |
| Crypt Fiend | 9 | 1935 | / | 360 |
| Frost Wyrm | 11 | 4235 | / | 1320 |
| Goblin Shredder | 1 | 375 | / | 100 |
| total: | 35 | 7730g | / | 1780w |
| Spirit Tower | 3 | 435 | / | 120 |
| Nerubian Tower | 1 | 100 | / | 20 |
| Crypt | 1 | 200 | / | 50 |
| Graveyard | 1 | 215 | / | 0 |
| Altar of Darkness | 1 | 180 | / | 50 |
| Ziggurat | 8 | 1200 | / | 400 |
| Tomb of Relics | 1 | 130 | / | 30 |
| Necropolis | 2 | 450 | / | 0 |
| Boneyard | 3 | 525 | / | 600 |
| Halls of the Dead | 1 | 320 | / | 210 |
| Black Citadel | 1 | 325 | / | 230 |
| total: | 17 | 2900g | / | 1130w |
| 0:03 | Acolyte |
| 0:03 | Acolyte |
| 0:21 | Crypt |
| 0:24 | Graveyard |
| 0:42 | Altar of Darkness |
| 0:56 | Ziggurat |
| 1:21 | Ghoul |
| 1:38 | Tomb of Relics |
| 1:40 | Ziggurat |
| 1:59 | Crypt Fiend |
| 2:21 | Crypt Fiend |
| 2:44 | Rod of Necromancy |
| 2:47 | Death Coil |
| 2:57 | Crypt Fiend |
| 3:18 | Crypt Fiend |
| 3:57 | Crypt Fiend |
| 4:00 | Ziggurat |
| 4:02 | Acolyte |
| 4:05 | Unholy Aura |
| 4:54 | Necropolis |
| 5:04 | Acolyte |
| 5:04 | Acolyte |
| 5:06 | Ghoul |
| 5:13 | Death Coil |
| 5:25 | Ghoul |
| 5:30 | Acolyte |
| 5:54 | Halls of the Dead |
| 6:27 | Goblin Shredder |
| 6:33 | Acolyte |
| 7:41 | Crypt Fiend |
| 7:41 | Crypt Fiend |
| 7:46 | Ziggurat |
| 7:48 | Ziggurat |
| 7:52 | Ziggurat |
| 7:59 | Ziggurat |
| 8:02 | Creature Carapace |
| 8:02 | Creature Attack |
| 8:15 | Black Citadel |
| 8:41 | Web |
| 8:47 | Spirit Tower |
| 9:36 | Improved Creature Carapace |
| 9:51 | Scroll of Town Portal |
| 9:52 | Potion of Healing |
| 9:52 | Potion of Mana |
| 10:20 | Spirit Tower |
| 10:22 | Nerubian Tower |
| 10:25 | Unholy Aura |
| 10:37 | Boneyard |
| 10:38 | Boneyard |
| 10:40 | Boneyard |
| 10:44 | Acolyte |
| 10:49 | Potion of Mana |
| 10:49 | Potion of Healing |
| 10:49 | Orb of Corruption |
| 10:52 | Impale |
| 11:19 | Necropolis |
| 11:37 | Improved Creature Attack |
| 11:39 | Crypt Fiend |
| 12:10 | Frost Wyrm |
| 12:41 | Frost Wyrm |
| 12:53 | Acolyte |
| 12:53 | Acolyte |
| 12:56 | Ziggurat |
| 13:04 | Carrion Beetles |
| 13:32 | Freezing Breath |
| 13:33 | Frost Wyrm |
| 13:37 | Acolyte |
| 14:38 | Frost Wyrm |
| 14:45 | Advanced Creature Attack |
| 14:45 | Advanced Creature Carapace |
| 15:00 | Scroll of Town Portal |
| 16:59 | Frost Wyrm |
| 17:13 | Death Coil |
| 17:15 | Carrion Beetles |
| 17:27 | Scroll of Town Portal |
| 17:48 | Unholy Strength |
| 17:49 | Unholy Armor |
| 18:35 | Frost Wyrm |
| 18:40 | Crypt Fiend |
| 18:58 | Potion of Mana |
| 19:00 | Scroll of Town Portal |
| 19:56 | Frost Wyrm |
| 19:57 | Frost Wyrm |
| 20:14 | Scroll of Town Portal |
| 20:32 | Potion of Mana |
| 21:04 | Scroll of Town Portal |
| 21:07 | Spirit Tower |
| 21:24 | Frost Wyrm |
| 21:24 | Frost Wyrm |
| 21:46 | Impale |
| 21:56 | Death Pact |
| 22:09 | Frost Wyrm |
| Right click | 581 |
| Select | 404 |
| Build/train/purchase | 85 |
| Use ability | 41 |
| Item give/drop | 8 |
| Select group | 5 |
| Assign group | 3 |
| Minimap ping | 3 |
| Remove unit | 2 |
| Misc. action | 1 |

| Scroll of Regeneration | 9 | 900 |
| Lesser Clarity Potion | 11 | 770 |
| Potion of Healing | 4 | 600 |
| Staff of Sanctuary | 1 | 250 |
| Potion of Mana | 4 | 800 |
| Scroll of Town Portal | 2 | 700 |
| total: | 31 | 4020g |
| Peasant | 19 | 1425 | / | 0 |
| Rifleman | 18 | 3690 | / | 540 |
| Mortar Team | 7 | 1260 | / | 490 |
| Flying Machine | 8 | 800 | / | 240 |
| Goblin Shredder | 1 | 375 | / | 100 |
| total: | 53 | 7550g | / | 1370w |
| Scout Tower | 7 | 210 | / | 140 |
| Guard Tower | 7 | 490 | / | 350 |
| Blacksmith | 1 | 140 | / | 60 |
| Barracks | 1 | 160 | / | 60 |
| Farm | 11 | 880 | / | 220 |
| Altar of Kings | 1 | 180 | / | 50 |
| Lumber Mill | 3 | 360 | / | 0 |
| Arcane Vault | 2 | 260 | / | 60 |
| Town Hall | 4 | 1540 | / | 820 |
| Workshop | 3 | 420 | / | 420 |
| Keep | 1 | 320 | / | 210 |
| Castle | 1 | 360 | / | 210 |
| total: | 33 | 4150g | / | 1830w |
| 0:01 | Peasant |
| 0:01 | Peasant |
| 0:06 | Blacksmith |
| 0:09 | Barracks |
| 0:14 | Peasant |
| 0:33 | Peasant |
| 0:47 | Farm |
| 0:54 | Peasant |
| 1:12 | Peasant |
| 1:22 | Rifleman |
| 1:33 | Altar of Kings |
| 1:40 | Farm |
| 1:52 | Rifleman |
| 2:17 | Peasant |
| 2:27 | Farm |
| 2:28 | Peasant |
| 2:33 | Black Arrow |
| 2:45 | Rifleman |
| 2:49 | Peasant |
| 3:06 | Farm |
| 3:15 | Peasant |
| 3:27 | Peasant |
| 3:32 | Farm |
| 3:33 | Lumber Mill |
| 3:49 | Silence |
| 3:54 | Rifleman |
| 4:14 | Rifleman |
| 4:25 | Peasant |
| 4:26 | Farm |
| 4:44 | Black Arrow |
| 4:51 | Peasant |
| 4:51 | Peasant |
| 4:53 | Farm |
| 5:07 | Peasant |
| 5:08 | Improved Lumber Harvesting |
| 5:16 | Arcane Vault |
| 5:32 | Peasant |
| 5:49 | Scroll of Regeneration |
| 5:50 | Lesser Clarity Potion |
| 5:58 | Lesser Clarity Potion |
| 5:58 | Scroll of Regeneration |
| 6:21 | Town Hall |
| 6:30 | Town Hall |
| 6:32 | Scout Tower |
| 6:32 | Scout Tower |
| 6:43 | Silence |
| 6:45 | Peasant |
| 7:02 | Guard Tower |
| 7:04 | Scout Tower |
| 7:05 | Scout Tower |
| 7:19 | Improved Masonry |
| 7:19 | Peasant |
| 7:31 | Guard Tower |
| 7:43 | Guard Tower |
| 7:44 | Scout Tower |
| 7:46 | Lumber Mill |
| 7:47 | Peasant |
| 7:49 | Scout Tower |
| 8:12 | Scroll of Regeneration |
| 8:13 | Lesser Clarity Potion |
| 8:15 | Guard Tower |
| 8:18 | Guard Tower |
| 8:19 | Scout Tower |
| 8:23 | Keep |
| 8:43 | Black Arrow |
| 8:47 | Guard Tower |
| 8:56 | Farm |
| 9:00 | Farm |
| 9:16 | Rifleman |
| 9:40 | Rifleman |
| 9:59 | Lesser Clarity Potion |
| 10:00 | Scroll of Regeneration |
| 10:15 | Black Gunpowder |
| 10:15 | Studded Leather Armor |
| 10:33 | Rifleman |
| 10:33 | Rifleman |
| 10:36 | Farm |
| 10:39 | Rifleman |
| 10:45 | Town Hall |
| 10:45 | Long Rifles |
| 10:48 | Goblin Shredder |
| 10:53 | Scroll of Town Portal |
| 10:53 | Potion of Healing |
| 10:54 | Lesser Clarity Potion |
| 11:02 | Workshop |
| 11:04 | Workshop |
| 11:26 | Farm |
| 11:37 | Scroll of Regeneration |
| 11:46 | Lumber Mill |
| 11:48 | Castle |
| 11:54 | Workshop |
| 12:11 | Rifleman |
| 12:12 | Advanced Masonry |
| 12:13 | Advanced Lumber Harvesting |
| 12:28 | Mortar Team |
| 12:45 | Arcane Vault |
| 12:47 | Scroll of Regeneration |
| 12:50 | Lesser Clarity Potion |
| 12:58 | Rifleman |
| 12:58 | Mortar Team |
| 13:14 | Mortar Team |
| 13:25 | Refined Gunpowder |
| 13:34 | Charm |
| 13:53 | Scroll of Regeneration |
| 13:53 | Lesser Clarity Potion |
| 13:56 | Potion of Healing |
| 13:57 | Potion of Healing |
| 14:01 | Flare |
| 14:03 | Flak Cannons |
| 14:10 | Fragmentation Shards |
| 14:10 | Flying Machine Bombs |
| 14:12 | Imbued Masonry |
| 14:19 | Staff of Sanctuary |
| 14:38 | Mortar Team |
| 15:17 | Rifleman |
| 15:24 | Rifleman |
| 15:24 | Mortar Team |
| 15:47 | Imbued Gunpowder |
| 15:47 | Reinforced Leather Armor |
| 15:52 | Lesser Clarity Potion |
| 15:56 | Potion of Mana |
| 15:58 | Lesser Clarity Potion |
| 16:18 | Rifleman |
| 16:26 | Silence |
| 16:38 | Rifleman |
| 16:51 | Scroll of Regeneration |
| 16:53 | Potion of Mana |
| 16:54 | Lesser Clarity Potion |
| 16:59 | Mortar Team |
| 17:55 | Rifleman |
| 17:55 | Mortar Team |
| 18:00 | Scroll of Regeneration |
| 18:00 | Lesser Clarity Potion |
| 18:02 | Potion of Mana |
| 18:05 | Life Drain |
| 18:18 | Scroll of Town Portal |
| 18:26 | Potion of Healing |
| 18:33 | Potion of Mana |
| 18:41 | Dragonhide Armor |
| 19:42 | Rifleman |
| 20:07 | Flying Machine |
| 20:07 | Flying Machine |
| 20:07 | Flying Machine |
| 20:07 | Flying Machine |
| 20:07 | Flying Machine |
| 20:07 | Flying Machine |
| 20:17 | Flying Machine |
| 20:39 | Flying Machine |
| 21:19 | Town Hall |
| 22:00 | Life Drain |
| Select group | 2806 |
| Right click | 2334 |
| Select | 1127 |
| Misc. action | 792 |
| Assign group | 185 |
| Build/train/purchase | 159 |
| Use ability | 57 |
| Item give/drop | 4 |
| Minimap ping | 3 |



| Scroll of Regeneration | 3 | 300 |
| Lesser Clarity Potion | 6 | 420 |
| Ivory Tower | 2 | 80 |
| Orb of Fire | 2 | 650 |
| Staff of Sanctuary | 2 | 500 |
| Potion of Healing | 4 | 600 |
| Scroll of Town Portal | 4 | 1400 |
| Orb of Corruption | 1 | 375 |
| total: | 24 | 4325g |
| Peasant | 28 | 2100 | / | 0 |
| Footman | 4 | 540 | / | 0 |
| Knight | 3 | 735 | / | 180 |
| Gryphon Rider | 3 | 840 | / | 210 |
| Spell Breaker | 2 | 430 | / | 60 |
| Goblin Shredder | 1 | 375 | / | 100 |
| total: | 41 | 5020g | / | 550w |
| Barracks | 2 | 320 | / | 120 |
| Altar of Kings | 1 | 180 | / | 50 |
| Farm | 12 | 960 | / | 240 |
| Blacksmith | 1 | 140 | / | 60 |
| Town Hall | 4 | 1540 | / | 820 |
| Arcane Vault | 1 | 130 | / | 30 |
| Lumber Mill | 3 | 360 | / | 0 |
| Gryphon Aviary | 3 | 420 | / | 450 |
| Arcane Sanctum | 2 | 300 | / | 280 |
| Keep | 1 | 320 | / | 210 |
| Castle | 1 | 360 | / | 210 |
| total: | 29 | 4350g | / | 2050w |
| 0:05 | Peasant |
| 0:05 | Peasant |
| 0:05 | Peasant |
| 0:05 | Peasant |
| 0:34 | Barracks |
| 0:43 | Altar of Kings |
| 0:50 | Farm |
| 0:58 | Farm |
| 1:01 | Peasant |
| 1:01 | Peasant |
| 1:36 | Footman |
| 1:36 | Footman |
| 1:38 | Peasant |
| 1:38 | Peasant |
| 1:39 | Peasant |
| 1:39 | Peasant |
| 1:46 | Farm |
| 1:54 | Footman |
| 2:14 | Blacksmith |
| 2:23 | Footman |
| 2:29 | Peasant |
| 2:42 | Peasant |
| 2:49 | Summon Water Elemental |
| 3:07 | Keep |
| 4:04 | Brilliance Aura |
| 4:20 | Town Hall |
| 4:24 | Town Hall |
| 4:46 | Arcane Vault |
| 5:10 | Farm |
| 5:28 | Farm |
| 5:38 | Goblin Shredder |
| 5:54 | Iron Forged Swords |
| 5:56 | Peasant |
| 6:13 | Lumber Mill |
| 6:16 | Lumber Mill |
| 6:32 | Storm Bolt |
| 6:35 | Scroll of Regeneration |
| 6:35 | Scroll of Regeneration |
| 6:35 | Lesser Clarity Potion |
| 6:35 | Lesser Clarity Potion |
| 6:38 | Ivory Tower |
| 6:38 | Ivory Tower |
| 6:42 | Summon Water Elemental |
| 6:45 | Castle |
| 6:54 | Improved Masonry |
| 7:58 | Town Hall |
| 8:05 | Gryphon Aviary |
| 8:07 | Gryphon Aviary |
| 8:17 | Lumber Mill |
| 8:32 | Peasant |
| 8:33 | Peasant |
| 8:33 | Peasant |
| 8:34 | Peasant |
| 8:41 | Peasant |
| 9:10 | Gryphon Aviary |
| 9:14 | Barracks |
| 9:19 | Peasant |
| 9:20 | Steel Forged Swords |
| 9:35 | Advanced Masonry |
| 10:10 | Bash |
| 10:15 | Studded Leather Armor |
| 10:19 | Storm Hammers |
| 10:29 | Orb of Fire |
| 10:30 | Staff of Sanctuary |
| 10:31 | Potion of Healing |
| 10:31 | Lesser Clarity Potion |
| 10:32 | Lesser Clarity Potion |
| 10:33 | Holy Light |
| 10:45 | Arcane Sanctum |
| 11:59 | Brilliance Aura |
| 12:08 | Arcane Sanctum |
| 12:11 | Farm |
| 12:11 | Farm |
| 12:13 | Farm |
| 12:14 | Farm |
| 12:16 | Imbued Masonry |
| 12:17 | Reinforced Leather Armor |
| 12:17 | Mithril Forged Swords |
| 12:20 | Lesser Clarity Potion |
| 12:25 | Scroll of Town Portal |
| 12:34 | Potion of Healing |
| 12:40 | Potion of Healing |
| 12:41 | Orb of Fire |
| 12:47 | Staff of Sanctuary |
| 12:52 | Lesser Clarity Potion |
| 12:57 | Potion of Healing |
| 13:08 | Scroll of Regeneration |
| 13:19 | Magic Sentry |
| 13:20 | Control Magic |
| 13:25 | Sundering Blades |
| 13:29 | Animal War Training |
| 13:45 | Dragonhide Armor |
| 13:48 | Peasant |
| 13:48 | Peasant |
| 13:48 | Peasant |
| 13:49 | Peasant |
| 13:59 | Orb of Corruption |
| 14:07 | Knight |
| 14:08 | Knight |
| 14:19 | Gryphon Rider |
| 14:33 | Storm Bolt |
| 14:58 | Divine Shield |
| 15:15 | Knight |
| 15:17 | Black Gunpowder |
| 15:20 | Gryphon Rider |
| 15:32 | Spell Breaker |
| 15:33 | Spell Breaker |
| 16:07 | Farm |
| 16:08 | Farm |
| 16:08 | Farm |
| 17:15 | Scroll of Town Portal |
| 17:25 | Gryphon Rider |
| 17:42 | Peasant |
| 17:42 | Peasant |
| 17:42 | Peasant |
| 17:42 | Peasant |
| 17:42 | Peasant |
| 18:03 | Iron Plating |
| 18:16 | Scroll of Town Portal |
| 18:25 | Scroll of Town Portal |
| 19:12 | Steel Plating |
| 20:05 | Holy Light |
| 20:28 | Mithril Plating |
| 20:29 | Improved Lumber Harvesting |
| 21:19 | Town Hall |
| 21:42 | Bash |
| 21:53 | Summon Water Elemental |
| 22:17 | Divine Shield |
| Right click | 704 |
| Select group | 577 |
| Select | 230 |
| Build/train/purchase | 168 |
| Misc. action | 89 |
| Assign group | 88 |
| Minimap ping | 33 |
| Use ability | 26 |
| Item give/drop | 11 |
| Esc | 5 |


| Moonstone | 1 | 50 |
| Potion of Healing | 1 | 150 |
| Scroll of Town Portal | 2 | 700 |
| total: | 4 | 900g |
| Wisp | 42 | 2520 | / | 0 |
| Archer | 24 | 3120 | / | 240 |
| Hippogryph | 10 | 1600 | / | 200 |
| total: | 76 | 7240g | / | 440w |
| Ancient Protector | 16 | 2160 | / | 1280 |
| Altar of Elders | 2 | 360 | / | 100 |
| Moon Well | 9 | 1620 | / | 360 |
| Ancient of War | 1 | 150 | / | 60 |
| Hunter's Hall | 1 | 210 | / | 100 |
| Tree of Life | 2 | 680 | / | 370 |
| Ancient of Wonders | 1 | 90 | / | 30 |
| Ancient of Wind | 2 | 300 | / | 280 |
| Chimaera Roost | 4 | 560 | / | 760 |
| Tree of Ages | 1 | 320 | / | 180 |
| Tree of Eternity | 1 | 330 | / | 200 |
| total: | 38 | 6130g | / | 3340w |
| 0:02 | Wisp |
| 0:02 | Wisp |
| 0:09 | Altar of Elders |
| 0:11 | Altar of Elders |
| 0:17 | Moon Well |
| 0:23 | Wisp |
| 0:36 | Ancient of War |
| 0:39 | Wisp |
| 0:48 | Wisp |
| 0:48 | Wisp |
| 1:23 | Wisp |
| 1:23 | Wisp |
| 1:29 | Wisp |
| 1:29 | Wisp |
| 1:52 | Moon Well |
| 1:59 | Wisp |
| 2:00 | Wisp |
| 2:04 | Archer |
| 2:24 | Force of Nature |
| 2:43 | Archer |
| 2:43 | Archer |
| 2:46 | Archer |
| 3:00 | Hunter's Hall |
| 3:43 | Tree of Life |
| 3:45 | Entangling Roots |
| 3:58 | Tree of Ages |
| 4:44 | Strength of the Moon |
| 4:44 | Moon Armor |
| 4:47 | Moon Well |
| 5:00 | Ancient of Wonders |
| 5:34 | Force of Nature |
| 5:42 | Ancient Protector |
| 5:53 | Wisp |
| 5:53 | Wisp |
| 5:53 | Wisp |
| 5:54 | Wisp |
| 5:54 | Wisp |
| 6:26 | Wisp |
| 6:26 | Wisp |
| 6:27 | Wisp |
| 6:54 | Ancient of Wind |
| 6:58 | Ancient of Wind |
| 7:13 | Improved Bows |
| 7:20 | Moon Well |
| 7:23 | Trueshot Aura |
| 8:00 | Hippogryph |
| 8:01 | Hippogryph |
| 8:02 | Archer |
| 8:02 | Archer |
| 8:03 | Archer |
| 8:03 | Archer |
| 8:04 | Hippogryph |
| 8:25 | Entangling Roots |
| 8:30 | Wisp |
| 8:30 | Wisp |
| 8:30 | Wisp |
| 8:31 | Wisp |
| 8:32 | Wisp |
| 9:14 | Ancient Protector |
| 9:22 | Hippogryph |
| 9:22 | Archer |
| 9:23 | Archer |
| 9:24 | Improved Moon Armor |
| 9:24 | Improved Strength of the Moon |
| 9:28 | Moon Well |
| 9:33 | Moon Well |
| 10:08 | Moon Well |
| 10:22 | Hippogryph |
| 10:25 | Moon Well |
| 10:29 | Moon Well |
| 10:35 | Searing Arrows |
| 10:48 | Tree of Eternity |
| 10:50 | Ultravision |
| 10:51 | Archer |
| 10:51 | Archer |
| 10:57 | Hippogryph |
| 11:45 | Hippogryph |
| 11:55 | Tree of Life |
| 12:11 | Ancient Protector |
| 12:16 | Ancient Protector |
| 12:18 | Ancient Protector |
| 12:20 | Ancient Protector |
| 12:22 | Ancient Protector |
| 12:30 | Archer |
| 12:30 | Archer |
| 13:41 | Hippogryph |
| 13:42 | Archer |
| 13:42 | Archer |
| 13:43 | Archer |
| 13:46 | Archer |
| 13:47 | Marksmanship |
| 13:48 | Hippogryph |
| 13:51 | Well Spring |
| 13:52 | Advanced Moon Armor |
| 14:02 | Wisp |
| 14:02 | Wisp |
| 14:02 | Wisp |
| 14:02 | Wisp |
| 14:03 | Wisp |
| 14:09 | Wisp |
| 14:12 | Wisp |
| 14:35 | Scroll of Town Portal |
| 14:39 | Advanced Strength of the Moon |
| 15:11 | Trueshot Aura |
| 15:46 | Scroll of Town Portal |
| 16:34 | Force of Nature |
| 17:04 | Archer |
| 17:04 | Archer |
| 17:05 | Archer |
| 17:05 | Archer |
| 17:05 | Archer |
| 17:06 | Wisp |
| 17:06 | Wisp |
| 17:13 | Wisp |
| 17:13 | Wisp |
| 17:14 | Wisp |
| 17:14 | Wisp |
| 17:14 | Wisp |
| 17:34 | Ancient Protector |
| 17:37 | Ancient Protector |
| 17:43 | Ancient Protector |
| 17:46 | Ancient Protector |
| 17:54 | Ancient Protector |
| 17:57 | Ancient Protector |
| 18:00 | Ancient Protector |
| 18:08 | Ancient Protector |
| 18:16 | Wisp |
| 18:17 | Wisp |
| 18:17 | Wisp |
| 18:28 | Moonstone |
| 18:32 | Potion of Healing |
| 18:41 | Ancient Protector |
| 19:07 | Archer |
| 19:07 | Hippogryph |
| 19:20 | Reinforced Hides |
| 19:20 | Strength of the Wild |
| 19:23 | Chimaera Roost |
| 19:31 | Chimaera Roost |
| 19:44 | Chimaera Roost |
| 19:46 | Chimaera Roost |
| 20:25 | Improved Reinforced Hides |
| 21:18 | Searing Arrows |
| 22:13 | Corrosive Breath |
| 22:14 | Improved Strength of the Wild |
| Right click | 778 |
| Select | 499 |
| Select group | 365 |
| Build/train/purchase | 135 |
| Misc. action | 100 |
| Use ability | 33 |
| Assign group | 16 |
| Item give/drop | 8 |
| Minimap ping | 8 |
| Remove unit | 5 |
225 units @ 26.6k
/ 4.1k
82 buildings @ 13.7k
/ 5.4k


| Rod of Necromancy | 1 | 150 |
| Sacrificial Skull | 1 | 50 |
| Lesser Clarity Potion | 3 | 210 |
| Potion of Mana | 1 | 200 |
| Potion of Healing | 1 | 150 |
| Scroll of Town Portal | 5 | 1750 |
| Scroll of Healing | 1 | 250 |
| Circlet of Nobility | 1 | 175 |
| Boots of Speed | 1 | 250 |
| Scroll of Regeneration | 3 | 300 |
| Moonstone | 1 | 50 |
| Anti-magic Potion | 1 | 100 |
| total: | 20 | 3635g |
| Acolyte | 21 | 1575 | / | 0 |
| Ghoul | 11 | 1320 | / | 0 |
| Crypt Fiend | 6 | 1290 | / | 240 |
| Goblin Shredder | 1 | 375 | / | 100 |
| Goblin Zeppelin | 2 | 480 | / | 120 |
| total: | 41 | 5040g | / | 460w |
| Nerubian Tower | 4 | 400 | / | 80 |
| Spirit Tower | 1 | 145 | / | 40 |
| Ziggurat | 6 | 900 | / | 300 |
| Crypt | 4 | 800 | / | 200 |
| Altar of Darkness | 2 | 360 | / | 100 |
| Tomb of Relics | 1 | 130 | / | 30 |
| Necropolis | 1 | 225 | / | 0 |
| Graveyard | 1 | 215 | / | 0 |
| Halls of the Dead | 1 | 320 | / | 210 |
| Black Citadel | 1 | 325 | / | 230 |
| total: | 15 | 2630g | / | 630w |
| 0:05 | Acolyte |
| 0:05 | Acolyte |
| 0:09 | Ziggurat |
| 0:14 | Crypt |
| 0:31 | Altar of Darkness |
| 0:34 | Altar of Darkness |
| 1:17 | Ghoul |
| 1:22 | Ziggurat |
| 1:24 | Tomb of Relics |
| 1:40 | Ghoul |
| 1:43 | Nerubian Tower |
| 2:17 | Ghoul |
| 2:28 | Ghoul |
| 2:38 | Rod of Necromancy |
| 2:39 | Sacrificial Skull |
| 2:40 | Ghoul |
| 2:45 | Impale |
| 2:58 | Ghoul |
| 3:22 | Acolyte |
| 3:24 | Ghoul |
| 3:25 | Cannibalize |
| 4:04 | Spiked Carapace |
| 4:17 | Acolyte |
| 4:17 | Acolyte |
| 4:37 | Necropolis |
| 4:40 | Ziggurat |
| 5:03 | Impale |
| 5:22 | Acolyte |
| 5:24 | Nerubian Tower |
| 5:28 | Graveyard |
| 5:37 | Acolyte |
| 5:39 | Nerubian Tower |
| 5:42 | Ziggurat |
| 5:52 | Scroll of Regeneration |
| 5:52 | Lesser Clarity Potion |
| 6:32 | Goblin Shredder |
| 6:45 | Nerubian Tower |
| 7:36 | Goblin Zeppelin |
| 7:43 | Acolyte |
| 7:58 | Ghoul |
| 7:58 | Ghoul |
| 8:04 | Crypt |
| 8:06 | Crypt |
| 8:09 | Crypt |
| 8:39 | Ghoul |
| 8:39 | Ghoul |
| 9:37 | Halls of the Dead |
| 9:39 | Crypt Fiend |
| 9:51 | Ziggurat |
| 9:53 | Ziggurat |
| 9:56 | Lesser Clarity Potion |
| 9:58 | Potion of Mana |
| 10:04 | Scroll of Town Portal |
| 10:47 | Creature Attack |
| 10:48 | Creature Carapace |
| 10:49 | Crypt Fiend |
| 11:52 | Circlet of Nobility |
| 11:53 | Boots of Speed |
| 11:54 | Scroll of Town Portal |
| 11:59 | Crypt Fiend |
| 12:01 | Burrow |
| 12:01 | Web |
| 12:08 | Scroll of Healing |
| 12:11 | Spiked Carapace |
| 13:15 | Moonstone |
| 13:29 | Anti-magic Potion |
| 13:30 | Potion of Healing |
| 13:43 | Scroll of Town Portal |
| 13:52 | Spirit Tower |
| 13:53 | Crypt Fiend |
| 14:00 | Crypt Fiend |
| 14:12 | Death Coil |
| 14:29 | Acolyte |
| 14:30 | Acolyte |
| 14:30 | Acolyte |
| 14:30 | Acolyte |
| 14:45 | Scroll of Regeneration |
| 14:45 | Lesser Clarity Potion |
| 15:47 | Black Citadel |
| 15:49 | Improved Creature Attack |
| 15:49 | Improved Creature Carapace |
| 16:10 | Goblin Zeppelin |
| 16:32 | Acolyte |
| 16:53 | Crypt Fiend |
| 17:16 | Acolyte |
| 17:16 | Acolyte |
| 17:18 | Acolyte |
| 18:11 | Scroll of Regeneration |
| 18:16 | Scroll of Town Portal |
| 18:30 | Impale |
| 19:10 | Acolyte |
| 19:10 | Acolyte |
| 19:11 | Acolyte |
| 19:12 | Acolyte |
| 19:13 | Acolyte |
| 20:01 | Scroll of Town Portal |
| Right click | 763 |
| Chat | 336 |
| Select | 274 |
| Select group | 218 |
| Build/train/purchase | 107 |
| Use ability | 80 |
| Resource trade | 70 |
| Misc. action | 60 |
| Assign group | 31 |
| Minimap ping | 20 |
| Esc | 6 |
| Item give/drop | 1 |


| Lesser Clarity Potion | 2 | 140 |
| Dust of Appearance | 1 | 75 |
| total: | 3 | 215g |
| Wisp | 28 | 1680 | / | 0 |
| Archer | 16 | 2080 | / | 160 |
| Glaive Thrower | 5 | 1050 | / | 325 |
| Druid of the Talon | 6 | 870 | / | 120 |
| Dryad | 6 | 870 | / | 360 |
| Mountain Giant | 5 | 1750 | / | 500 |
| total: | 66 | 8300g | / | 1465w |
| Ancient Protector | 6 | 810 | / | 480 |
| Moon Well | 10 | 1800 | / | 400 |
| Altar of Elders | 1 | 180 | / | 50 |
| Ancient of War | 1 | 150 | / | 60 |
| Ancient of Wonders | 1 | 90 | / | 30 |
| Hunter's Hall | 1 | 210 | / | 100 |
| Tree of Life | 4 | 1360 | / | 740 |
| Ancient of Lore | 2 | 310 | / | 290 |
| Ancient of Wind | 1 | 150 | / | 140 |
| Tree of Ages | 2 | 640 | / | 360 |
| Tree of Eternity | 1 | 330 | / | 200 |
| total: | 27 | 5060g | / | 2290w |
| 0:08 | Wisp |
| 0:08 | Wisp |
| 0:08 | Wisp |
| 0:25 | Moon Well |
| 0:38 | Altar of Elders |
| 0:52 | Ancient of War |
| 0:54 | Wisp |
| 1:04 | Wisp |
| 1:27 | Wisp |
| 1:27 | Wisp |
| 1:27 | Wisp |
| 1:51 | Moon Well |
| 1:54 | Archer |
| 2:48 | Archer |
| 2:48 | Archer |
| 2:49 | Archer |
| 2:53 | Ancient of Wonders |
| 2:54 | Wisp |
| 3:00 | Force of Nature |
| 3:19 | Wisp |
| 3:23 | Hunter's Hall |
| 3:57 | Tree of Life |
| 4:10 | Entangling Roots |
| 4:23 | Moon Well |
| 4:24 | Archer |
| 4:27 | Strength of the Moon |
| 5:18 | Ancient Protector |
| 5:21 | Ancient Protector |
| 5:27 | Tree of Ages |
| 5:38 | Lesser Clarity Potion |
| 5:39 | Dust of Appearance |
| 5:57 | Archer |
| 6:02 | Wisp |
| 6:04 | Wisp |
| 6:33 | Force of Nature |
| 6:55 | Moon Armor |
| 6:56 | Archer |
| 6:56 | Archer |
| 6:58 | Wisp |
| 6:58 | Wisp |
| 6:59 | Wisp |
| 6:59 | Wisp |
| 7:08 | Moon Well |
| 8:14 | Improved Bows |
| 8:20 | Ancient Protector |
| 8:21 | Wisp |
| 8:21 | Wisp |
| 8:21 | Wisp |
| 8:24 | Wisp |
| 8:24 | Wisp |
| 8:24 | Wisp |
| 8:25 | Wisp |
| 8:25 | Wisp |
| 8:28 | Strength of the Wild |
| 8:40 | Moon Well |
| 8:46 | Ancient of Lore |
| 8:48 | Wisp |
| 9:16 | Trueshot Aura |
| 9:30 | Archer |
| 9:30 | Archer |
| 9:30 | Archer |
| 9:31 | Archer |
| 9:36 | Entangling Roots |
| 9:57 | Ancient of Lore |
| 10:00 | Ancient of Wind |
| 10:03 | Ancient Protector |
| 10:05 | Ancient Protector |
| 10:07 | Ancient Protector |
| 10:17 | Glaive Thrower |
| 10:23 | Wisp |
| 10:23 | Wisp |
| 10:23 | Wisp |
| 10:39 | Improved Strength of the Moon |
| 10:39 | Improved Strength of the Wild |
| 10:47 | Moon Well |
| 10:53 | Moon Well |
| 11:21 | Druid of the Talon |
| 11:21 | Druid of the Talon |
| 11:23 | Abolish Magic |
| 11:23 | Dryad |
| 11:23 | Dryad |
| 11:43 | Ultravision |
| 11:57 | Glaive Thrower |
| 12:59 | Vorpal Blades |
| 12:59 | Glaive Thrower |
| 13:10 | Mountain Giant |
| 13:13 | Mountain Giant |
| 13:51 | Searing Arrows |
| 14:11 | Reinforced Hides |
| 14:35 | Druid of the Talon |
| 14:36 | Druid of the Talon |
| 14:37 | Mountain Giant |
| 14:38 | Dryad |
| 14:41 | Archer |
| 14:41 | Archer |
| 14:41 | Archer |
| 14:41 | Archer |
| 15:46 | Trueshot Aura |
| 15:53 | Improved Reinforced Hides |
| 15:56 | Tree of Eternity |
| 16:28 | Force of Nature |
| 16:52 | Druid of the Talon |
| 16:52 | Druid of the Talon |
| 16:54 | Dryad |
| 16:54 | Dryad |
| 16:54 | Dryad |
| 16:54 | Mountain Giant |
| 16:55 | Mountain Giant |
| 16:56 | Glaive Thrower |
| 16:56 | Glaive Thrower |
| 18:03 | Tree of Life |
| 18:06 | Tree of Life |
| 18:13 | Tree of Life |
| 18:26 | Moon Well |
| 18:27 | Moon Well |
| 18:28 | Moon Well |
| 18:45 | Lesser Clarity Potion |
| 20:40 | Tree of Ages |
| Right click | 784 |
| Select | 331 |
| Build/train/purchase | 103 |
| Use ability | 61 |
| Chat | 39 |
| Remove unit | 5 |
| Misc. action | 2 |
| Minimap ping | 2 |



| Orb of Venom | 2 | 650 |
| Staff of Preservation | 1 | 150 |
| Scroll of Town Portal | 2 | 700 |
| Potion of Lesser Invulnerability | 1 | 150 |
| total: | 6 | 1650g |
| Wisp | 21 | 1260 | / | 0 |
| Archer | 17 | 2210 | / | 170 |
| Forest Troll High Priest | 1 | 305 | / | 40 |
| total: | 39 | 3775g | / | 210w |
| Altar of Elders | 1 | 180 | / | 50 |
| Moon Well | 8 | 1440 | / | 320 |
| Ancient of War | 4 | 600 | / | 240 |
| Tree of Life | 1 | 340 | / | 185 |
| Ancient of Wonders | 1 | 90 | / | 30 |
| Hunter's Hall | 2 | 420 | / | 200 |
| Chimaera Roost | 1 | 140 | / | 190 |
| Tree of Ages | 1 | 320 | / | 180 |
| Tree of Eternity | 1 | 330 | / | 200 |
| total: | 18 | 3210g | / | 1215w |
| 0:02 | Wisp |
| 0:02 | Wisp |
| 0:04 | Altar of Elders |
| 0:12 | Moon Well |
| 0:15 | Wisp |
| 0:44 | Ancient of War |
| 0:51 | Wisp |
| 0:51 | Wisp |
| 1:20 | Wisp |
| 1:20 | Wisp |
| 1:24 | Wisp |
| 1:35 | Moon Well |
| 1:38 | Wisp |
| 1:46 | Archer |
| 1:59 | Ancient of War |
| 2:07 | Force of Nature |
| 2:12 | Wisp |
| 2:47 | Archer |
| 2:50 | Wisp |
| 2:50 | Wisp |
| 2:50 | Wisp |
| 3:10 | Archer |
| 3:33 | Entangling Roots |
| 3:39 | Wisp |
| 3:41 | Archer |
| 3:42 | Tree of Ages |
| 4:21 | Moon Well |
| 4:38 | Tree of Life |
| 4:48 | Moon Well |
| 5:12 | Ancient of Wonders |
| 5:51 | Archer |
| 6:22 | Wisp |
| 6:22 | Wisp |
| 6:24 | Nature's Blessing |
| 7:01 | Entangling Roots |
| 7:33 | Acid Bomb |
| 7:36 | Improved Bows |
| 7:37 | Archer |
| 7:44 | Wisp |
| 7:45 | Wisp |
| 7:45 | Wisp |
| 7:45 | Wisp |
| 7:46 | Wisp |
| 8:22 | Tree of Eternity |
| 8:27 | Hunter's Hall |
| 8:30 | Hunter's Hall |
| 9:38 | Forest Troll High Priest |
| 9:43 | Strength of the Moon |
| 9:43 | Moon Armor |
| 9:46 | Archer |
| 9:49 | Moon Well |
| 9:49 | Moon Well |
| 10:07 | Thorns Aura |
| 10:09 | Healing Spray |
| 11:54 | Archer |
| 12:08 | Improved Strength of the Moon |
| 12:08 | Improved Moon Armor |
| 12:32 | Chimaera Roost |
| 12:36 | Ancient of War |
| 12:39 | Ancient of War |
| 12:55 | Orb of Venom |
| 13:40 | Marksmanship |
| 14:05 | Archer |
| 14:29 | Acid Bomb |
| 14:41 | Archer |
| 14:44 | Advanced Strength of the Moon |
| 14:44 | Advanced Moon Armor |
| 14:50 | Well Spring |
| 15:05 | Scroll of Town Portal |
| 15:05 | Potion of Lesser Invulnerability |
| 15:11 | Archer |
| 15:11 | Archer |
| 15:46 | Orb of Venom |
| 15:48 | Trueshot Aura |
| 15:54 | Ultravision |
| 16:30 | Archer |
| 16:31 | Archer |
| 17:00 | Scroll of Town Portal |
| 17:01 | Staff of Preservation |
| 17:07 | Archer |
| 18:07 | Moon Well |
| 18:17 | Archer |
| 18:41 | Archer |
| 18:45 | Moon Well |
| 20:12 | Scout |
| 21:34 | Entangling Roots |
| Right click | 752 |
| Select group | 489 |
| Select | 355 |
| Misc. action | 109 |
| Build/train/purchase | 80 |
| Assign group | 74 |
| Use ability | 45 |
| Resource trade | 16 |
| Minimap ping | 9 |
| Item give/drop | 7 |
| Esc | 1 |

| Scroll of Regeneration | 3 | 300 |
| Lesser Clarity Potion | 2 | 140 |
| Ivory Tower | 5 | 200 |
| Potion of Healing | 1 | 150 |
| Scroll of Town Portal | 5 | 1750 |
| total: | 16 | 2540g |
| Peasant | 14 | 1050 | / | 0 |
| Footman | 7 | 945 | / | 0 |
| Spell Breaker | 2 | 430 | / | 60 |
| Knight | 9 | 2205 | / | 540 |
| Sorceress | 1 | 155 | / | 20 |
| Priest | 3 | 405 | / | 30 |
| Flying Machine | 43 | 4300 | / | 1290 |
| total: | 79 | 9490g | / | 1940w |
| Guard Tower | 3 | 210 | / | 150 |
| Altar of Kings | 1 | 180 | / | 50 |
| Farm | 10 | 800 | / | 200 |
| Barracks | 2 | 320 | / | 120 |
| Lumber Mill | 1 | 120 | / | 0 |
| Arcane Vault | 2 | 260 | / | 60 |
| Town Hall | 1 | 385 | / | 205 |
| Blacksmith | 1 | 140 | / | 60 |
| Arcane Sanctum | 2 | 300 | / | 280 |
| Workshop | 2 | 280 | / | 280 |
| Keep | 1 | 320 | / | 210 |
| Castle | 1 | 360 | / | 210 |
| total: | 22 | 2785g | / | 1255w |
| 0:02 | Peasant |
| 0:12 | Peasant |
| 0:15 | Altar of Kings |
| 0:21 | Peasant |
| 0:27 | Farm |
| 0:40 | Barracks |
| 0:47 | Peasant |
| 0:59 | Peasant |
| 1:10 | Farm |
| 1:15 | Peasant |
| 1:25 | Peasant |
| 1:46 | Peasant |
| 1:47 | Footman |
| 1:50 | Farm |
| 1:58 | Peasant |
| 2:03 | Lumber Mill |
| 2:16 | Footman |
| 2:16 | Footman |
| 2:22 | Summon Water Elemental |
| 2:29 | Farm |
| 2:37 | Peasant |
| 2:44 | Footman |
| 3:02 | Peasant |
| 3:13 | Arcane Vault |
| 3:19 | Footman |
| 3:35 | Peasant |
| 3:44 | Defend |
| 4:09 | Peasant |
| 4:11 | Improved Lumber Harvesting |
| 4:25 | Brilliance Aura |
| 4:42 | Keep |
| 4:46 | Arcane Vault |
| 4:51 | Farm |
| 5:03 | Improved Masonry |
| 5:39 | Footman |
| 6:14 | Footman |
| 6:16 | Scroll of Regeneration |
| 6:21 | Lesser Clarity Potion |
| 7:41 | Summon Water Elemental |
| 7:51 | Town Hall |
| 8:03 | Castle |
| 8:22 | Blacksmith |
| 8:25 | Arcane Sanctum |
| 8:53 | Arcane Sanctum |
| 8:57 | Advanced Masonry |
| 9:13 | Barracks |
| 9:16 | Farm |
| 9:19 | Scroll of Town Portal |
| 9:20 | Ivory Tower |
| 9:20 | Ivory Tower |
| 9:20 | Ivory Tower |
| 9:21 | Scroll of Regeneration |
| 9:23 | Lesser Clarity Potion |
| 9:29 | Ivory Tower |
| 9:29 | Ivory Tower |
| 9:36 | Peasant |
| 10:03 | Scroll of Town Portal |
| 10:12 | Guard Tower |
| 10:14 | Guard Tower |
| 10:16 | Guard Tower |
| 10:19 | Potion of Healing |
| 10:28 | Iron Plating |
| 10:31 | Spell Breaker |
| 10:36 | Sundering Blades |
| 10:45 | Spell Breaker |
| 10:49 | Animal War Training |
| 11:06 | Knight |
| 11:24 | Knight |
| 11:28 | Sorceress |
| 11:45 | Knight |
| 12:18 | Priest Adept Training |
| 12:18 | Priest |
| 12:20 | Priest |
| 12:55 | Workshop |
| 12:57 | Workshop |
| 13:02 | Priest |
| 13:04 | Knight |
| 13:25 | Knight |
| 13:28 | Priest Master Training |
| 13:43 | Scroll of Town Portal |
| 13:53 | Farm |
| 13:56 | Farm |
| 14:18 | Flak Cannons |
| 14:18 | Flying Machine |
| 14:19 | Flying Machine |
| 14:19 | Flying Machine |
| 14:19 | Flying Machine |
| 14:19 | Flying Machine |
| 14:19 | Flying Machine |
| 14:19 | Flying Machine |
| 14:23 | Farm |
| 15:14 | Flying Machine |
| 15:14 | Flying Machine |
| 15:14 | Flying Machine |
| 15:15 | Flying Machine |
| 15:15 | Flying Machine |
| 15:15 | Flying Machine |
| 15:15 | Flying Machine |
| 15:15 | Flying Machine |
| 15:53 | Flying Machine Bombs |
| 15:54 | Flying Machine |
| 15:54 | Flying Machine |
| 15:54 | Flying Machine |
| 15:55 | Flying Machine |
| 16:31 | Brilliance Aura |
| 17:06 | Flying Machine |
| 17:07 | Flying Machine |
| 17:07 | Flying Machine |
| 17:07 | Flying Machine |
| 17:07 | Flying Machine |
| 17:07 | Flying Machine |
| 17:08 | Flying Machine |
| 17:23 | Farm |
| 17:37 | Scroll of Town Portal |
| 17:44 | Scroll of Regeneration |
| 17:46 | Scroll of Town Portal |
| 18:05 | Flying Machine |
| 18:05 | Flying Machine |
| 18:41 | Flying Machine |
| 18:41 | Flying Machine |
| 18:41 | Flying Machine |
| 18:42 | Flying Machine |
| 19:01 | Flying Machine |
| 19:01 | Flying Machine |
| 19:01 | Flying Machine |
| 19:53 | Summon Water Elemental |
| 20:08 | Knight |
| 20:08 | Knight |
| 20:08 | Knight |
| 20:08 | Knight |
| 21:44 | Flying Machine |
| 21:45 | Flying Machine |
| 21:45 | Flying Machine |
| 21:45 | Flying Machine |
| 21:45 | Flying Machine |
| 21:45 | Flying Machine |
| 21:45 | Flying Machine |
| 21:46 | Flying Machine |
| Right click | 569 |
| Select | 280 |
| Select group | 271 |
| Build/train/purchase | 151 |
| Assign group | 90 |
| Misc. action | 26 |
| Chat | 17 |
| Use ability | 8 |
| Resource trade | 4 |
| Item give/drop | 3 |
| Esc | 1 |
| Minimap ping | 1 |
⇛